 Dungeon Crawl Stone Soup version 0.19-a0-1637-gfc13266 (webtiles) character file.

63 jacquesderrida the Slasher (level 4, 22/23 HPs)
             Began as a Vine Stalker Skald on Sept 19, 2016.
             Quit the game on level 4 of the Dungeon.
             The game lasted 00:02:29 (663 turns).

jacquesderrida the Slasher (Vine Stalker Skald)      Turns: 663, Time: 00:02:30

Health: 22/23      AC:  5    Str: 15    XL:     4   Next: 10%
Magic:  8/8        EV: 11    Int: 12    God:
Gold:   86         SH:  0    Dex: 19    Spells: 1 memorised, 6 levels left

rFire  . . .     SeeInvis .     p - +1 trident of the Key {freeze, MR+} (curse)
rCold  . . .     Gourm    .     b - +0 leather armour
rNeg   . . .     Faith    .     (no shield)
rPois  .         Spirit   +     (no helmet)
rElec  .         Dismiss  .     (no cloak)
rCorr  .         Reflect  .     h - +1 pair of gloves
MR     +....     Harm     .     (no boots)
Stlth  ++........               j - amulet of magic regeneration
                                m - +5 ring of dexterity
                                k - ring of stealth

@: no status effects
A: fangs 2, regeneration 1, magic shield, antimagic bite, no device heal 3, rot
immunity
a: no special abilities


You were on level 4 of the Dungeon.
You were not hungry.

You visited 1 branch of the dungeon, and saw 4 of its levels.

You collected 86 gold pieces.

Inventory:

Hand Weapons
 a - a +0 falchion
 p - the cursed +1 trident of the Key (weapon) {freeze, MR+}
   (You found it on level 4 of the Dungeon)

   It has been specially enchanted to freeze those struck by it, causing extra
   injury to most foes and up to half again as much damage against particularly
   susceptible opponents.
   It can also slow down cold-blooded creatures.
   It affects your resistance to hostile enchantments.
   It has a curse placed upon it.
Armour
 b - a +0 leather armour (worn)
 h - a +1 pair of gloves (worn)
Jewellery
 j - an amulet of magic regeneration (around neck)
 k - a ring of stealth (left hand)
 m - a +5 ring of dexterity (right hand)
Scrolls
 n - a scroll of enchant armour
Potions
 f - 3 potions of agility
 l - a potion of ambrosia
Books
 c - a book of Battle

   Spells                             Type                      Level
   a - Infusion                       Charms                       1
   b - Shroud of Golubria             Charms/Translocation         2
   c - Song of Slaying                Charms                       2
   d - Spectral Weapon                Hexes/Charms                 3
   e - Regeneration                   Charms/Necromancy            3
 e - a book of Unlife

   Spells                             Type                      Level
   a - Recall                         Summoning/Translocation      3
   b - Animate Dead                   Necromancy                   4
   c - Control Undead                 Necromancy                   4
   d - Cigotuvi's Embrace             Necromancy                   5
   e - Death Channel                  Necromancy                   6
   f - Simulacrum                     Ice/Necromancy               6
Comestibles
 d - 3 bread rations
 o - a chunk of flesh


   Skills:
 - Level 1.7 Fighting
 + Level 3.9 Long Blades
 - Level 0.7 Armour
 - Level 0.7 Dodging
 - Level 2.1 Spellcasting
 - Level 3.0 Charms


You had 6 spell levels left.
You knew the following spells:

 Your Spells              Type           Power        Failure   Level  Hunger
a - Infusion              Chrm           #...         12%         1    ##.....


Dungeon Overview and Level Annotations

Branches:
Dungeon (4/15)
 Temple: D:4-7

Altars:

Annotations:
D:4 Pikel


Innate Abilities, Weirdness & Mutations

You have extremely sharp teeth.
Your natural rate of healing is unusually fast.
When hurt, damage is shared between your health and your magic reserves.
Your bite disrupts and absorbs the magic of your enemies.
Potions and wands cannot restore your health.
You are immune to rotting.


Message History

The giant cockroach bites you. The orc hits you but does no damage.
The worm bites you!
The giant cockroach bites you but does no damage.
The orc hits you but does no damage.
The slave shouts!
The giant cockroach closely misses you. 2 orc wizards come into view.
The giant cockroach barely misses you.
The orc wizard shouts!
An orc comes into view. It is wielding a flail.
The orc wizard shouts!
An orc comes into view. It is wielding a club.
The orc wizard casts a spell.
The orc wizard seems to speed up.
The giant cockroach bites you but does no damage.
The orc shouts!
An orc comes into view. It is wielding a mace.
The orc shouts!
You see here 14 stones.
Are you sure you want to abandon this character and quit the game? (Confirm with "yes".)

#K.. ###oo...#... #.......#.p.
#.......#.p.########
#..o..o.#...#.......
+.......#...'.w.....
#...o...#.$.#.....).
###+###.......#####p......
.........@so....w.........
..........................
..........................
..........................
..........................
.......#######'###########.......
.......#..........# #.......
.......#..........# #.......
.......#..........# .......


You could see a worm, 2 orc wizards, 4 orcs and a giant cockroach.

Vanquished Creatures
  Ijyb (D:2)
  2 adders
  A dart slug (D:4)
  A leopard gecko (D:1)
  2 hobgoblins
  2 jackals (D:3)
  A ball python (D:1)
  3 bats
  3 frilled lizards (D:1)
  2 kobolds (D:1)
  4 rats
22 creatures vanquished.

Notes
Turn   | Place    | Note
-------+----------+-------------------------------------------
     0 | D:1      | jacquesderrida the Vine Stalker Skald began the quest for the Orb.
     0 | D:1      | Reached XP level 1. HP: 11/11 MP: 4/4
   111 | D:1      | Reached XP level 2. HP: 14/15 MP: 6/6
   284 | D:2      | Noticed Ijyb
   315 | D:2      | Killed Ijyb
   315 | D:2      | Reached XP level 3. HP: 11/18 MP: 7/7
   537 | D:3      | Gained mutation: Your natural rate of healing is unusually fast. [Vine Stalker growth]
   537 | D:3      | Reached XP level 4. HP: 18/23 MP: 5/8
   603 | D:4      | Got a steaming trident
   607 | D:4      | Identified the cursed +1 trident of the Key {freeze, MR+} (You found it on level 4 of the Dungeon)
   647 | D:4      | Noticed Pikel
   647 | D:4      | Noticed a slave
   647 | D:4      | Noticed a slave
   647 | D:4      | Noticed a slave
   663 | D:4      | Quit the game

Vault maps used:
D:1:      dpeg_arrival_brainrot
D:2:      first_bread, uniq_iyjb
D:3:      lemuel_tele_altar, uniq_crazy_yiuf_cottage
D:4:      uniq_grinder, uniq_pikel, uniq_blork_the_orc

Skill      XL: |  1  2 |
---------------+-------+-----
Long Blades    | 2 3 |  3.9
Fighting       | |  1.7
Armour         | |  0.7
Dodging        | |  0.7
Spellcasting   | |  2.1
Charms         | |  3.0

Action                   |  1- 3 |  4- 6 || total
-------------------------+-------+-------++-------
Melee: Falchion          |    74 |     3 ||    77
       Bite              |    20 |     2 ||    22
 Cast: Infusion          |     6 |       ||     6
  Use: Potion            |     1 |       ||     1
       Scroll            |       |     5 ||     5
 Stab: Sleeping          |     2 |       ||     2
Armor: Leather armour    |    20 |     7 ||    27
Dodge: Dodged            |    31 |     3 ||    34
